 Dungeon Crawl Stone Soup version 0.28.0-47-ge53b351184 (webtiles) character file.

Game seed: 8635889289267938129

83 Bruhh the Ogre Mage (level 4, -7/39 HPs)
             Began as an Ogre Earth Elementalist on Apr 28, 2022.
             Shot with an arrow by a centaur (10 damage)
             ... on level 4 of the Dungeon.
             The game lasted 00:07:37 (2419 turns).

Bruhh the Ogre Mage (Ogre Earth Elementalist)       Turns: 2419, Time: 00:07:38

Health: -7/39      AC:  5    Str: 12    XL:     4   Next: 44%
Magic:  10/10      EV:  9    Int: 18    God:
Gold:   162        SH:  0    Dex:  9    Spells: 10/11 levels left

rFire   . . .      SeeInvis .   (no weapon)
rCold   . . .      Faith    .   (no shield)
rNeg    . . .      Spirit   .   b - +0 robe
rPois   .          Reflect  .   m - +2 hat
rElec   .          Harm     .   (no cloak)
rCorr   .          Rampage  .   (gloves unavailable)
Will    .....                   (boots unavailable)
Stlth   +.........              f - amulet of regeneration
HPRegen 0.93/turn               (no ring)
MPRegen 0.12/turn               (no ring)

@: no status effects
A: large, unfitting armour, tough skin 1
a: no special abilities


You were on level 4 of the Dungeon.
You visited 1 branch of the dungeon, and saw 4 of its levels.

You collected 162 gold pieces.

Inventory:

Missiles
 c - 41 stones
 d - a throwing net
 l - 2 poisoned darts
Armour
 b - a +0 robe (worn)
 m - a +2 hat (worn)
Jewellery
 f - an amulet of regeneration (around neck)
Scrolls
 e - a scroll of holy word {unknown}
 j - a scroll of teleportation {unknown}
 n - a scroll of identify {unknown}
Potions
 a - a potion of curing {unknown}
 g - a potion of heal wounds {unknown}
 h - a potion of mutation {unknown}
 i - a potion of lignification {unknown}
 k - a potion of degeneration {unknown}


   Skills:
 - Level 1.7 Dodging
 - Level 1.4 Stealth
 * Level 4.4 Spellcasting
 - Level 0.8 Transmutations
 + Level 3.4 Earth Magic


You had 10 spell levels left.
You knew the following spells:

 Your Spells              Type           Power      Damage    Failure   Level
a - Sandblast             Erth           32%        2d9       3%          1

Your spell library contained the following spells:

 Spells                   Type           Power      Damage    Failure   Level
 Passwall                 Tmut/Erth      9%         N/A       9%          2
 Stone Arrow              Conj/Erth      20%        3d8       22%         3
 Call Canine Familiar     Summ           4%         N/A       38%         3
 Gell's Gravitas          Tloc           4%         N/A       38%         3
 Lesser Beckoning         Tloc           4%         N/A       38%         3
 Portal Projectile        Hex/Tloc       8%         N/A       38%         3
 Teleport Other           Tloc           4%         N/A       38%         3
 Petrify                  Tmut/Erth      11%        N/A       50%         4
 Leda's Liquefaction      Hex/Erth       5%         N/A       56%         4


Dungeon Overview and Level Annotations

Branches:
Dungeon (4/15)
 Temple: D:4-7

Altars:
Dithmenos
Okawaru


Innate Abilities, Weirdness & Mutations

You are too large for most types of armour.
You have tough skin. (AC +1)


Message History

Magic restored.
You see here a giant cockroach corpse.
You now have 162 gold pieces (gained 8).
Found a chain mail.
You see here a +0 chain mail.
Found a stone staircase leading down.
A goblin comes into view. It is wielding a +0 club.
A goblin is nearby!
The goblin shouts!
You miscast Sandblast.
You are very lightly contaminated with residual magic.
Nothing appears to happen.
The blast of sand hits the goblin!
You kill the goblin!
Okay, then.
There's nothing to open nearby.
There's nothing to open nearby.
Okay, then.
Okay, then.
Unknown command.
Your magical contamination has completely faded away.
Found 4 arrows.
There is a stone staircase leading down here.
n - a scroll labelled WELOYC LAKLI Key pressed, stopping explore.
A centaur comes into view.
The centaur wields a +0 shortbow.
The centaur shoots an arrow.
The arrow hits you.
The centaur shoots an arrow.
The arrow hits you!
A centaur is nearby!
A centaur is nearby!
The centaur shoots an arrow.
The arrow hits you!
* * * LOW HITPOINT WARNING * * *
The centaur shoots an arrow.
The arrow barely misses you.
The centaur shoots an arrow.
The arrow hits you!
* * * LOW HITPOINT WARNING * * *
The centaur shoots an arrow.
The arrow hits you!
* * * LOW HITPOINT WARNING * * *
The centaur shoots an arrow.
The arrow hits you but does no damage.
The centaur shoots an arrow.
The arrow hits you!
You die...

#.# #.# #.##.#### . #.#####.#
#.##.# . #.#.....# #.##.#
.#####...##..# #######.##.#
.c.....####>)######..[....##.#
.......####.........########.#
##...........######## #.#
#.###.############ #.# ...#
#...c......@.# ####
############.# ... ####


You could see a centaur.

Vanquished Creatures
  A hound skeleton (D:4)
  2 adders
  A worm (D:3)
  2 orcs (D:3)
  6 bats
  9 endoplasms
  A giant cockroach (D:4)
  4 goblins
  2 hobgoblins (D:1)
  2 kobolds (D:2)
  3 quokkas
  5 ball pythons
  3 rats
41 creatures vanquished.

Notes
Turn   | Place    | Note
-------+----------+-------------------------------------------
     0 | D:1      | Bruhh the Ogre Earth Elementalist began the quest for the
                  | Orb.
     0 | D:1      | Reached XP level 1. HP: 16/16 MP: 3/3
   119 | D:1      | Found a faded altar of an unknown god.
   179 | D:1      | Reached skill level 3 in Spellcasting
   179 | D:1      | Reached XP level 2. HP: 24/24 MP: 3/6
   840 | D:2      | Reached XP level 3. HP: 31/31 MP: 5/8
   984 | D:2      | You fall into a shaft and drop 1 floor!
  1594 | D:3      | Found an iron altar of Okawaru.
  1658 | D:3      | Reached skill level 4 in Spellcasting
  1684 | D:3      | Reached XP level 4. HP: 39/39 MP: 5/10
  1905 | D:3      | Found a shadowy altar of Dithmenos.
  2127 | D:4      | Noticed a kobold brigand
  2405 | D:4      | Noticed a centaur
  2416 | D:4      | HP: 1/39 [centaur/arrow (11)]
  2419 | D:4      | Shot with an arrow by a centaur

Illustrated notes

Levels and vault maps discovered:
D:1:      scummos_arrival_simple_crosswalls, layout_basic,
          hellmonk_ecumenical_altar_lost_god
D:2:      layout_basic, chequers_serial_rivers_small_a
D:3:      layout_rooms, okawaru_trees_2, mainiacjoe_overflow_six_doors_small
D:4:      layout_loops_ring

Skill      XL: |  1  2  3 |
---------------+----------+-----
Spellcasting   | 3 4 |  4.4
Earth Magic    | 3 |  3.4
Dodging        | |  1.7
Stealth        | |  1.4
Transmutations | |  0.8

Action                   |  1- 3 |  4- 6 || total
-------------------------+-------+-------++-------
Melee: Unarmed           |     1 |     1 ||     2
 Cast: Sandblast         |    46 |    14 ||    60
Armor: Robe              |     5 |     7 ||    12
Dodge: Dodged            |    11 |    11 ||    22
